Map: 어스름 탑

Players

IIIIIlllllll - Winner!

  • Race: Zerg Zerg
  • League: Grandmaster

llllllllllll (Scarlett)

  • Race: Zerg Zerg
  • League: Grandmaster

VOD

Have the link to the VOD?

Description

Time

  • Played on: April 10, 2016, 5:12 a.m.
  • Length: 11:56
Show
View Real Time Build Order
Export as new Build Order

IIIIIlllllll Zerg - Winner!

Build Orders: Hatch First 

Get SALT Encoding   

  12  0:00  Drone  
  13  0:12  Overlord  
  13  0:17  Drone  
  14  0:30  Drone x2  
  14  0:34  Drone  
  17  0:52  Hatchery  
  17  0:54  Drone  
  17  0:57  Drone  
  18  1:08  Extractor  
  17  1:12  Spawning Pool  
  17  1:15  Drone  
  17  1:18  Drone  
  18  1:27  Drone  
  19  1:38  Overlord  
  19  1:59  Queen, Zergling x2  
  19  2:00  Drone  
  23  2:03  Queen  
  23  2:05  Drone  
  23  2:08  Metabolic Boost  
  26  2:10  Drone  
  27  2:17  Drone  
  27  2:21  Drone  
  29  2:28  Baneling Nest  
  28  2:30  Drone  
  28  2:32  Drone  
  28  2:36  Drone  
  31  2:47  Hatchery  
  31  2:49  Zergling x2  
  31  2:54  Drone  
  31  2:57  Overlord  
  32  3:02  Drone  
  32  3:04  Drone  
  34  3:07  Drone x2  
  36  3:13  Overlord  
  36  3:16  Drone x2  
  36  3:18  Drone  
  39  3:23  Drone x2  
  41  3:29  Overlord  
  41  3:30  Overlord  
  41  3:36  Drone  
  41  3:37  Extractor  
  41  3:38  Queen  
  43  3:45  Zergling x2  
  43  3:47  Drone x3  
  47  3:49  Drone  
  47  3:50  Drone  
  47  3:53  Drone  
  50  4:02  Lair  
  49  4:03  Drone x2  
  49  4:04  Extractor  
  49  4:06  Drone  
  49  4:09  Drone  
  53  4:10  Drone  
  53  4:14  Drone x4  
  57  4:20  Roach Warren, Drone  
  57  4:21  Drone  
  58  4:25  Baneling  
  58  4:26  Evolution Chamber  
  57  4:34  Drone x2  
  57  4:36  Drone  
  60  4:41  Overlord x2  
  60  4:48  Drone x7  
  60  4:49  Drone  
  60  4:51  Overlord, Drone  
  69  4:56  Overlord  
  69  4:57  Overlord  
  69  5:01  Glial Reconstitution  
  69  5:04  Extractor  
  69  5:05  Extractor  
  69  5:06  Roach x3  
  73  5:10  Roach x2  
  73  5:13  Spine Crawler  
  78  5:14  Roach x2  
  78  5:16  Spine Crawler  
  78  5:18  Roach x2, Baneling  
  78  5:20  Roach  
  87  5:25  Roach x3  
  96  5:28  Roach x2  
  96  5:30  Overlord  
  96  5:32  Overlord  
  96  5:38  Overlord x3  
  93  5:49  Roach x5  
  95  5:53  Roach x4  
  95  5:55  Zerg Missile Weapons Level 1  
  101  6:01  Queen x2  
  106  6:04  Ravager  
  106  6:05  Ravager  
  106  6:06  Zergling x6  
  110  6:11  Zergling x4  
  110  6:18  Roach  
  110  6:25  Roach x3  
  101  6:33  Extractor  
  101  6:34  Roach x3, Extractor  
  101  6:35  Roach  
  101  6:36  Overlord  
  101  6:37  Drone  
  101  6:39  Ravager  
  108  6:43  Hatchery  
  108  6:46  Drone x2  
  88  6:54  Roach x2  
  88  6:58  Roach x2  
  89  7:02  Roach  
  89  7:03  Roach x2  
  89  7:05  Queen x2  
  89  7:06  Queen  
  89  7:07  Roach  
  89  7:08  Roach  
  106  7:10  Roach  
  106  7:11  Roach  
  106  7:12  Overlord x2  
  110  7:21  Roach x4  
  104  7:26  Roach  
  96  7:32  Roach  
  96  7:33  Roach x3  
  91  7:38  Roach  
  91  7:40  Zergling x2  
  90  7:49  Roach x3  
  94  7:52  Hatchery  
  89  8:00  Drone  
  89  8:01  Drone x2  
  92  8:07  Drone x2  
  92  8:09  Overseer  
  92  8:10  Drone  
  95  8:12  Zerg Missile Weapons Level 2  
  95  8:15  Drone x9  
  95  8:17  Extractor  
  95  8:18  Drone  
  95  8:19  Ravager  
  105  8:21  Ravager  
  105  8:24  Overlord x2  
  106  8:28  Overseer  
  106  8:33  Roach x2  
  110  8:34  Drone  
  110  8:39  Roach  
  110  8:41  Overseer, Roach  
  115  8:44  Roach  
  115  8:45  Overlord x4  
  117  8:51  Ravager  
  117  8:52  Ravager x2  
  122  9:02  Roach  
  122  9:03  Roach x6  
  122  9:06  Roach x2  
  138  9:11  Roach  
  138  9:12  Roach  
  138  9:14  Roach  
  144  9:19  Hydralisk Den, Drone x2  
  144  9:20  Drone  
  144  9:21  Drone x3  
  146  9:24  Queen  
  146  9:37  Drone x9  
  155  9:40  Extractor  
  155  9:41  Overlord, Extractor  
  152  9:47  Queen  
  150  9:55  Drone  
  150  9:56  Drone x3  
  150  9:58  Hydralisk x3  
  157  10:01  Muscular Augments  
  157  10:04  Hydralisk x2  
  161  10:07  Spore Crawler  
  161  10:08  Spore Crawler  
  161  10:13  Hydralisk x2, Spore Crawler  
  160  10:17  Hydralisk  
  164  10:24  Hydralisk x2  
  164  10:26  Pneumatized Carapace  
  168  10:29  Hydralisk  
  168  10:30  Hydralisk  
  171  10:38  Hydralisk x4  
  175  10:43  Hydralisk x2  
  175  10:44  Hydralisk  
  175  10:46  Hydralisk  
  175  10:49  Hydralisk  
  185  10:51  Overlord  
  185  10:57  Hydralisk x2  
  185  10:59  Roach  
  189  11:05  Spore Crawler, Drone x2  
  189  11:10  Roach x4  
  197  11:16  Roach x2  
  197  11:19  Roach  
  197  11:31  Roach  
  200  11:32  Ravager  
Show
View Real Time Build Order
Export as new Build Order

llllllllllll Zerg 

Build Orders: Hatch First 

Get SALT Encoding   

  12  0:00  Drone  
  13  0:07  Drone  
  14  0:16  Overlord  
  14  0:21  Extractor  
  14  0:22  Drone  
  15  0:35  Drone x2  
  17  0:51  Hatchery  
  17  0:55  Drone  
  17  1:01  Drone  
  18  1:11  Spawning Pool  
  18  1:14  Drone  
  18  1:15  Extractor  
  18  1:18  Drone  
  18  1:27  Drone  
  19  1:39  Overlord  
  19  1:50  Drone  
  20  1:58  Queen  
  20  1:59  Zergling x2  
  23  2:04  Queen, Drone  
  26  2:11  Drone  
  26  2:14  Metabolic Boost  
  27  2:17  Drone  
  28  2:31  Drone x2  
  28  2:34  Queen, Drone  
  33  2:40  Zergling x2  
  34  2:48  Hatchery  
  33  2:53  Overlord  
  33  2:57  Drone x2  
  35  3:03  Baneling Nest  
  34  3:06  Drone x2  
  37  3:12  Drone  
  37  3:13  Drone  
  37  3:15  Drone  
  37  3:17  Drone  
  37  3:19  Drone  
  41  3:22  Overlord  
  41  3:30  Drone x2  
  41  3:31  Drone  
  44  3:36  Roach Warren  
  44  3:38  Extractor x2  
  41  3:42  Drone x2  
  41  3:44  Drone  
  41  3:47  Baneling  
  41  3:48  Drone x2  
  46  4:04  Drone x2  
  46  4:05  Drone  
  46  4:06  Drone x3  
  46  4:09  Overlord  
  52  4:14  Overlord x2  
  52  4:15  Overlord  
  52  4:19  Roach  
  52  4:20  Roach  
  52  4:23  Roach  
  58  4:30  Roach x3  
  63  4:34  Roach  
  63  4:35  Roach  
  67  4:40  Roach x2  
  67  4:42  Roach  
  67  4:44  Roach  
  75  4:49  Zergling x6  
  78  4:54  Ravager x2  
  78  4:55  Ravager  
  78  4:56  Ravager  
  78  4:59  Overlord  
  82  5:00  Zergling x2  
  82  5:01  Zergling x6  
  86  5:10  Zergling x2  
  86  5:11  Zergling x6  
  86  5:13  Overlord  
  90  5:16  Overlord x2  
  90  5:20  Baneling  
  90  5:25  Baneling x6  
  90  5:30  Overlord  
  90  5:31  Zergling x10  
  91  5:44  Zergling x12  
  86  5:50  Zergling x4  
  86  5:52  Zergling x2  
  88  5:58  Ravager x3  
  88  5:59  Ravager  
  88  6:01  Zergling x6  
  88  6:02  Ravager  
  96  6:05  Zergling x2  
  96  6:08  Zergling x2  
  96  6:09  Zergling x2  
  99  6:13  Zergling x6  
  86  6:26  Zergling x16  
  85  6:36  Zergling x8  
  89  6:41  Zergling x8  
  89  6:54  Zergling x14  
  90  7:01  Lair  
  90  7:04  Drone  
  90  7:07  Zergling x2  
  82  7:24  Zergling x6  
  82  7:25  Zergling x2  
  79  7:33  Zergling x18  
  84  7:37  Evolution Chamber  
  84  7:39  Queen x2  
  80  7:48  Roach  
  80  7:49  Roach x5, Hatchery  
  78  7:57  Roach  
  78  7:58  Roach  
  82  8:03  Glial Reconstitution, Zerg Missile Weapons Level 1  
  82  8:05  Roach x5, Spire  
  92  8:08  Roach  
  92  8:11  Roach x2  
  97  8:19  Drone  
  100  8:20  Drone x4  
  100  8:25  Extractor  
  100  8:27  Extractor  
  101  8:28  Extractor, Drone x2  
  101  8:31  Drone  
  101  8:32  Drone x2  
  105  8:40  Drone x7  
  105  8:41  Drone  
  113  8:49  Overlord x2  
  113  8:55  Spine Crawler x2  
  111  8:58  Overseer  
  111  8:59  Spine Crawler  
  111  9:02  Spine Crawler  
  110  9:10  Overlord, Drone x3  
  112  9:18  Ravager x8  
  112  9:22  Mutalisk x2  
  123  9:28  Mutalisk  
  122  9:35  Mutalisk  
  123  9:40  Mutalisk  
  123  9:41  Zergling x10  
  123  9:42  Zergling x8  
  134  9:48  Mutalisk  
  135  9:55  Mutalisk  
  135  9:57  Drone x2  
  135  10:06  Mutalisk  
  134  10:07  Mutalisk  
  134  10:13  Hatchery  
  135  10:19  Mutalisk  
  135  10:21  Mutalisk  
  137  10:23  Zergling x24  
  151  10:39  Extractor  
  150  10:43  Extractor  
  150  10:48  Overlord x4  
  150  10:49  Overlord x2  
  149  10:57  Overlord  
  147  11:05  Overlord  
  147  11:13  Baneling  
  147  11:14  Baneling x18  
  145  11:24  Roach x5  
  145  11:25  Roach  
Tags
 
Add a new tag
Caveats
  • Supply blocks, unpowered buildings, or Contaminate may cause inaccurate times.
  • Supply counts are checked every 10 seconds.